 Dungeon Crawl Stone Soup version 0.25-a0-1079-g858b6a6ff6 (webtiles) character file.

Game seed: 15755884763303895397, levelgen mode: classic

94 Amnesiac the Cutter (level 4, 0/24 HPs)
             Began as a Vine Stalker Monk on May 15, 2020.
             Succumbed to Crazy Yiuf's poison
             ... on level 2 of the Dungeon.
             The game lasted 00:02:57 (2128 turns).

Amnesiac the Cutter (Vine Stalker Monk)             Turns: 2128, Time: 00:02:58

Health: 0/24       AC:  5    Str: 15    XL:     4   Next: 63%
Magic:  0/5        EV: 11    Int: 10    God:
Gold:   134        SH:  0    Dex: 16    Spells: 3/3 levels left

rFire    . . .     SeeInvis .   a - +0 short sword
rCold    . . .     Gourm    .   (no shield)
rNeg     + . .     Faith    .   g - +0 ring mail
rPois    .         Spirit   +   (no helmet)
rElec    .         Reflect  .   (no cloak)
rCorr    .         Harm     .   (no gloves)
MR       .....                  (no boots)
Stlth    ++........             (no amulet)
HPRegen  0.48/turn              h - ring of positive energy
MPRegen  0.09/turn              (no ring)

@: lethally poisoned (0 -> -1), very slightly contaminated, hasted, invisible,
very quick
A: fangs 2, regeneration 1, magic shield, antimagic bite, no potion heal 3, rot
immunity
a: no special abilities


You were on level 2 of the Dungeon.
You were not hungry.

You visited 1 branch of the dungeon, and saw 3 of its levels.

You collected 134 gold pieces.

Inventory:

Hand Weapons
 a - a +0 short sword (weapon)
 i - a +2 whip of electrocution
Armour
 g - a +0 ring mail (worn)
Jewellery
 h - a ring of positive energy (left hand)
 s - a cursed -4 ring of intelligence {unknown}
Scrolls
 b - a scroll of amnesia {!r, unknown}
 d - a scroll of magic mapping {!r, unknown}
 f - a scroll of teleportation {!r, unknown}
 j - a scroll of fog {!r, unknown}
 l - a scroll of immolation {!r, unknown}
 m - a scroll of remove curse {!r, unknown}
 o - a scroll of enchant weapon {!r, unknown}
 q - a scroll of identify {!r, unknown}
Potions
 k - a potion of magic {!q, unknown}
 n - a potion of degeneration {!q, unknown}
 p - a potion of berserk rage {!q, unknown}
Comestibles
 c - 5 rations
 r - 3 chunks of flesh


   Skills:
 - Level 3.0 Fighting
 * Level 4.0 Short Blades
 - Level 2.4 Dodging
 + Level 3.9 Stealth


You had 3 spell levels left.
You didn't know any spells.
Your spell library contained the following spells:

 Spells                   Type           Power        Failure   Level  Hunger
 Animate Skeleton         Necr           N/A          58%         1    ##.....
 Apportation              Tloc           #.....       58%         1    ##.....
 Corona                   Hex            #......      58%         1    ##.....
 Summon Small Mammal      Summ           #...         58%         1    ##.....


Dungeon Overview and Level Annotations

Branches:
Dungeon (3/15)

Altars:
Elyvilon
Gozag

Shops:
D:2 *


Innate Abilities, Weirdness & Mutations

You have extremely sharp teeth.
Your natural rate of healing is unusually fast.
When hurt, damage is shared between your health and your magic reserves.
Your bite disrupts and absorbs the magic of your enemies.
Potions cannot restore your health.
You are immune to rotting.


Message History

You feel sick.
Crazy Yiuf hits you with a +3 quarterstaff of chaos.
* * * LOW HITPOINT WARNING * * *
Crazy Yiuf burns you.
* * * LOW HITPOINT WARNING * * *
You feel sick.
Unknown command.
You hit Crazy Yiuf but do no damage.
Crazy Yiuf is moderately wounded.
You feel sick. Crazy Yiuf closely misses you.
Unknown command.
You hit Crazy Yiuf but do no damage.
Crazy Yiuf is moderately wounded.
You feel sick. Crazy Yiuf barely misses you.
Unknown command.
You hit Crazy Yiuf. You bite Crazy Yiuf. You drain his power.
You feel invigorated.
Crazy Yiuf is heavily wounded.
You feel sick.
Unknown command.
You barely miss Crazy Yiuf. You bite Crazy Yiuf, but do no damage.
Crazy Yiuf is heavily wounded.
You feel sick.
Crazy Yiuf hits you with a +3 quarterstaff of chaos!
* * * LOW HITPOINT WARNING * * *
Unknown command.
You barely miss Crazy Yiuf.
Crazy Yiuf is heavily wounded.
You feel sick.
Crazy Yiuf hits you with a +3 quarterstaff of chaos.
* * * LOW HITPOINT WARNING * * *
You fade into invisibility!
You are very lightly contaminated with residual magic.
Unknown command.
You catch the helpless Crazy Yiuf completely off-guard!
You puncture Crazy Yiuf!
Crazy Yiuf is almost dead.
Crazy Yiuf hits you with a +3 quarterstaff of chaos.
Crazy Yiuf burns you.
* * * LOW HITPOINT WARNING * * *
Unknown command.
You hit Crazy Yiuf but do no damage. You bite Crazy Yiuf.
You kill Crazy Yiuf!
Your Short Blades skill increases to level 4!
* * * LOW HITPOINT WARNING * * *
You feel sick.
Unknown command.
Quiver which item? (- for none, * to show all) (? for menu, Esc to quit)
You don't have any such object.
Quiver which item? (- for none, * to show all) (? for menu, Esc to quit)
You don't have any such object.
Quiver which item? (- for none, * to show all) (? for menu, Esc to quit)
You don't have any such object.
Quiver which item? (- for none, * to show all) (? for menu, Esc to quit)
Okay, then.
Quiver which item? (- for none, * to show all) (? for menu, Esc to quit)
You don't have any such object.
Quiver which item? (- for none, * to show all) (? for menu, Esc to quit)
You don't have any such object.
Quiver which item? (- for none, * to show all) (? for menu, Esc to quit)
Okay, then.
Really quaff
e - a fuming emerald potion {!q}?
It was a potion of haste {!q}.
You feel yourself speed up.
You die...

#.##.# #.........)....##
#.# #.##.#
#.........###...####.####
#.##.#############
####......... #.##...#
#####..... ##.######
###### ##..÷...# ###
♣♣########### #########
#)..#♣♣ ♣♣P)))........
.###
#...')♣♣♣♣PP))..#######
...# #...#♣@.♣.♣P)))## #
.#.# ###
♣♣♣.♣..))######### ##.#
♣♣♣♣♣##......... ##.#
##########
#..##################
...............)....#
#####################


There were no monsters in sight!

Vanquished Creatures
  Crazy Yiuf (D:2)
  3 worms (D:2)
  2 dart slugs
  2 leopard geckos
  An orc (D:3)
  6 goblins
  2 hobgoblins (D:1)
  5 jackals
  3 quokkas (D:2)
  7 bats
  A frilled lizard (D:1)
  7 kobolds
  11 rats
  A fungus (D:2)
52 creatures vanquished.

Vanquished Creatures (others)
  An adder (D:2)
1 creature vanquished.

Grand Total: 53 creatures vanquished

Notes
Turn   | Place    | Note
-------+----------+-------------------------------------------
     0 | D:1      | Amnesiac the Vine Stalker Monk began the quest for the Orb.
     0 | D:1      | Reached XP level 1. HP: 11/11 MP: 2/2
   180 | D:2      | Reached skill level 3 in Short Blades
   180 | D:2      | Reached XP level 2. HP: 7/16 MP: 3/3
   492 | D:3      | Reached XP level 3. HP: 16/20 MP: 4/4
   564 | D:2      | Found Gozag's Platinum Reserve.
  1057 | D:2      | Found a runed translucent door.
  1058 | D:2      | Noticed Crazy Yiuf
  1185 | D:2      | Found an opulent altar of Gozag.
  1350 | D:1      | Gained mutation: Your natural rate of healing is unusually
                  | fast. [Vine Stalker growth]
  1350 | D:1      | Reached XP level 4. HP: 15/24 MP: 5/5
  1759 | D:2      | Found a white marble altar of Elyvilon.
  2126 | D:2      | HP: 1/24 [Crazy Yiuf/+3 quarterstaff of chaos (1)]
  2127 | D:2      | Killed Crazy Yiuf
  2127 | D:2      | Reached skill level 4 in Short Blades
  2128 | D:2      | Succumbed to Crazy Yiuf's poison

Illustrated notes

Levels and vault maps discovered:
D:1:      minmay_arrival_glassed_features, layout_loops_ring
D:2:      layout_loops_ring, nicolae_gozag_zags_fifth_avenue, elyvilon_altar_4,
          first_ration, kennysheep_generic_room_8, uniq_crazy_yiuf_cottage
D:3:      layout_loops_ring, serial_bayou_pond_e

Skill      XL: |  1  2  3  4 |
---------------+-------------+-----
Short Blades   | 3 4 |  4.0
Stealth        | 3 |  3.9
Fighting       | 3 |  3.0
Dodging        | |  2.4

Action                   |  1- 3 |  4- 6 || total
-------------------------+-------+-------++-------
Melee: Short sword       |   141 |    27 ||   168
       Bite              |    45 |     9 ||    54
  Use: Potion            |       |     1 ||     1
 Stab: Sleeping          |     6 |       ||     6
       Invisible         |       |     1 ||     1
  Eat: Chunk             |     2 |     2 ||     4
Armor: Ring mail         |    38 |     2 ||    40
Dodge: Dodged            |    68 |     8 ||    76

Table legend:
 A = Non-vault XP
 B = Vault XP
 C = Vault XP percentage of total XP
 D = Non-vault monster count
 E = Vault monster count
 F = Vault count percentage of total count
                 A         B        C        D         E       F
            +---------+---------+-------+---------+---------+-------
      Total |      89 |      46 |  34.1 |      47 |       4 |   7.8
            +---------+---------+-------+---------+---------+-------
        D:1 |      21 |       0 |   0.0 |      15 |       0 |   0.0
        D:2 |      47 |      46 |  49.5 |      21 |       4 |  16.0
        D:3 |      21 |       0 |   0.0 |      11 |       0 |   0.0
            +---------+---------+-------+---------+---------+-------
